 Dungeon Crawl Stone Soup version 0.17.0-26-gececa24 (webtiles) character file.

63 Raultor the Changer (level 4, 0/28 HPs)
             Began as an Octopode Transmuter on Nov 19, 2015.
             Slain by a kobold
             ... wielding a +0 dagger of freezing
              (3 damage)
             ... on level 2 of the Dungeon.
             The game lasted 00:02:51 (1678 turns).

Raultor the Changer (Octopode Transmuter)           Turns: 1678, Time: 00:02:51

Health: 0/28       AC:  1    Str: 11    XL:     4   Next: 10%
Magic:  7/7        EV: 12    Int: 15    God:
Gold:   139        SH:  0    Dex: 13    Spells: 1 memorised, 6 levels left

rFire  . . .     SeeInvis .       - Unarmed
rCold  . . .     Clarity  .     (no shield)
rNeg   . . .     SustAt   .     (helmet restricted)
rPois  .         Gourm    .     (no amulet)
rElec  .         Spirit   .     d - ring of stealth
rCorr  .         Warding  .     (no ring)
rMut   .         Stasis   .     (no ring)
MR     .....                    (no ring)
Stlth  +++.......               (no ring)
                                (no ring)
                                (no ring)
                                (no ring)

@: lethally poisoned (0 -> -3), not resistant to hostile enchantments, fairly
stealthy
A: almost no armour, amphibious, 8 rings, constrict 8, camouflage 1,
deterioration 1, strong 1, gelatinous body 1
a: no special abilities


You were on level 2 of the Dungeon.
You were very hungry.

You visited 1 branch of the dungeon, and saw 2 of its levels.

You collected 139 gold pieces.

Inventory:

Missiles
 a - 12 arrows
 h - 9 stones (quivered)
Jewellery
 d - a ring of stealth (left tentacle)
Scrolls
 e - a scroll of identify {unknown}
 f - a scroll of immolation {unknown}
 k - a scroll of magic mapping {unknown}
Books
 b - a book of Changes

   Spells                             Type                      Level
   a - Beastly Appendage              Transmutation                1
   b - Sticks to Snakes               Transmutation                2
   c - Spider Form                    Transmutation/Poison         3
   d - Ice Form                       Ice/Transmutation            4
   e - Blade Hands                    Transmutation                5
Comestibles
 c - 4 bread rations
 g - a meat ration
 i - a beef jerky


   Skills:
 - Level 1.0 Fighting
 - Level 2.0 Dodging
 - Level 3.0 Unarmed Combat
 - Level 2.0 Spellcasting
 + Level 4.2 Transmutations


You had 6 spell levels left.
You knew the following spells:

 Your Spells              Type           Power        Failure   Level  Hunger
a - Beastly Appendage     Trmt           ##....       4%          1    #......


Dungeon Overview and Level Annotations

Branches:
Dungeon (2/15)

Altars:
Xom


Innate Abilities, Weirdness & Mutations

You cannot wear most types of armour.
You are amphibious.
You can wear up to eight rings at the same time.
You can use your tentacles to constrict eight enemies at once.
Your skin changes colour to match your surroundings (Stealth).
Your rubbery body absorbs attacks (AC +1).
Your body sometimes deteriorates upon taking damage.
Your muscles are strong. (Str +2)


Message History

* * * LOW HITPOINT WARNING * * *
You feel sick.
You see here an adder corpse.
The kobold shouts!
* * * LOW HITPOINT WARNING * * *
You feel sick.
You see here 8 gold pieces.
A goblin comes into view.
* * * LOW HITPOINT WARNING * * *
You feel sick.
* * * LOW HITPOINT WARNING * * *
You feel sick.
* * * LOW HITPOINT WARNING * * *
You feel sick.
* * * LOW HITPOINT WARNING * * *
You feel sick. The kobold hits you but does no damage.
The kobold closely misses you.
The kobold hits you with a dagger of freezing.
You die...

#..#..#.#
#...^^^..#
##.#..#K#######
###†^_^..#
######.............
...^.^..#
..........#.######
#.##......#
.#).......#.# #
####...#
.#.#####..#.# #####
.#.#####..#.######
.#.......<#†.$.K.#
.########.######@#
)........>#
#..........
###########
#.#....####
#.#..#.# # #..#g#
#..# # #..# ####


You could see a goblin (sleeping) and a kobold.

Vanquished Creatures
  3 adders (D:2)
  A worm (D:2)
  A giant gecko (D:2)
  8 bats
  2 giant cockroaches
  8 goblins
  A hobgoblin (D:2)
  5 kobolds
  5 rats
34 creatures vanquished.

Notes
Turn   | Place    | Note
--------------------------------------------------------------
     0 | D:1      | Raultor the Octopode Transmuter began the quest for the Orb.
     0 | D:1      | Reached XP level 1. HP: 13/13 MP: 3/3
   409 | D:1      | Reached XP level 2. HP: 18/18 MP: 5/5
   942 | D:2      | Found a shimmering altar of Xom.
   987 | D:2      | Reached XP level 3. HP: 21/23 MP: 6/6
  1628 | D:2      | Reached skill level 4 in Transmutations
  1663 | D:2      | Reached XP level 4. HP: 9/28 MP: 7/7
  1664 | D:2      | Gained mutation: Your body sometimes deteriorates upon taking damage. [potion of mutation]
  1664 | D:2      | Gained mutation: Your muscles are strong. (Str +2) [potion of mutation]
  1678 | D:2      | Slain by a kobold

Action                   |  1- 3 |  4- 6 || total
-------------------------+-------+-------++-------
Melee: Unarmed           |    90 |       ||    90
  Use: Potion            |       |     1 ||     1
 Stab: Sleeping          |    13 |       ||    13
  Eat: Chunk             |     1 |       ||     1
